 Dungeon Crawl Stone Soup version 0.16-a0-3736-g4b94454 (webtiles) character file.

5669 kroki the Thrower (level 10, -6/56 HPs)
             Began as a Vine Stalker Berserker on Jan 22, 2015.
             Was a High Priest of Trog.
             Mangled by a goliath beetle (17 damage)
             ... on level 10 of the Dungeon.
             The game lasted 00:15:20 (8127 turns).

kroki the Thrower (Vine Stalker Berserker)          Turns: 8127, Time: 00:15:21

Health: -6/56      AC: 14    Str: 25    XL:     10   Next: 75%
Magic:  0/13       EV:  8    Int:  7    God:    Trog [*****.]
Gold:   260        SH:  6    Dex: 17    Spells: 0 memorised, 9 levels left

rFire  . . .     SeeInvis .     u - +2 dagger (venom)
rCold  . . .     Clarity  .     G - +0 plate armour
rNeg   . . .     SustAb   .     t - +0 buckler
rPois  .         Gourm    .     (no helmet)
rElec  .         Spirit   +     B - +0 cloak
rCorr  .         Warding  .     (no gloves)
rMut   .         Stasis   .     (no boots)
MR     ++...                    x - amulet of faith {!P}
Stlth  ..........               r - ring of invisibility (curse)
                                a - ring of protection from magic

@: mighty, exhausted, slowed, very slow, very resistant to hostile enchantments,
extremely unstealthy
A: fangs 3, regeneration 2, magic shield, antimagic bite, no device heal 3, rot
immunity
a: Burn Spellbooks, Berserk, Trog's Hand, Brothers in Arms, Renounce Religion,
Evoke Invisibility


You were on level 10 of the Dungeon.
You worshipped Trog.
Trog was extremely pleased with you.
You were very hungry.

You visited 1 branch of the dungeon, and saw 10 of its levels.

You collected 663 gold pieces.
You spent 403 gold pieces at shops.

Inventory:

Hand weapons
 u - a +2 dagger of venom (weapon)
   (You took it off a goblin on level 2 of the Dungeon)
Missiles
 d - 6 tomahawks (quivered)
 o - 4 curare-tipped needles {!f}
 p - a throwing net {!f !q}
 y - 2 silver tomahawks
 K - 12 poisoned tomahawks
 M - 3 poisoned javelins
Armour
 t - a +0 buckler (worn)
   (You found it on level 4 of the Dungeon)
 z - a +2 ring mail of magic resistance
   (You took it off Duvessa on level 4 of the Dungeon)
 B - a +0 cloak (worn)
   (You found it on level 6 of the Dungeon)
 G - a +0 plate armour (worn)
   (You took it off an orc warrior on level 6 of the Dungeon)
Jewellery
 a - a ring of protection from magic (left hand)
   (You bought it in a shop on level 9 of the Dungeon)
 b - an uncursed ring of positive energy
   (You found it on level 3 of the Dungeon)
 m - an uncursed amulet of resist mutation
   (You took it off a goblin on level 1 of the Dungeon)
 r - a cursed ring of invisibility (right hand)
   (You found it on level 5 of the Dungeon)
 w - an uncursed ring of ice
   (You found it on level 4 of the Dungeon)
 x - an amulet of faith (around neck) {!P}
   (You found it on level 5 of the Dungeon)
Magical devices
 c - a wand of digging (8)
   (You took it off Grinder on level 3 of the Dungeon)
 i - a wand of flame (20)
   (You found it on level 8 of the Dungeon)
 n - a wand of disintegration (11)
   (You found it on level 3 of the Dungeon)
 A - a wand of digging (15)
   (You found it on level 5 of the Dungeon)
Scrolls
 f - a scroll of magic mapping
 j - 4 scrolls of remove curse
 C - 3 scrolls of fog
 I - a scroll of immolation
 L - 2 scrolls of teleportation
Potions
 e - 2 potions of curing
 g - 2 potions of mutation {!q}
 k - 4 potions of flight
 l - 2 potions of lignification
 v - 3 potions of brilliance {unknown}
 D - a potion of beneficial mutation {unknown}
 E - 2 potions of cancellation {unknown}
 J - a potion of restore abilities {unknown}
 N - a potion of heal wounds
Books
 H - a book of Party Tricks
   (You found it on level 6 of the Dungeon)
Comestibles
 h - 5 meat rations
 s - 3 bread rations
 F - 3 chunks of flesh


   Skills:
 + Level 8.0 Fighting
 - Level 2.9 Short Blades
 - Level 8.3 Throwing
 + Level 6.8 Armour
 - Level 1.6 Dodging
 - Level 5.1 Shields


You had 9 spell levels left.
You didn't know any spells.


Innate Abilities, Weirdness & Mutations

You have razor-sharp teeth.
You heal very quickly.
When hurt, damage is shared between your health and your magic reserves.
Your bite disrupts and absorbs the magic of your enemies.
Potions and wands cannot restore your health.
You are immune to rotting.

Dungeon Overview and Level Annotations

Branches:
Dungeon (10/15)            Temple (0/1) D:7
   Lair: D:8-11         Orc: D:9-12

Altars:
Ashenzari
Cheibriados
Dithmenos
Elyvilon
Fedhas
Gozag
Nemelex Xobeh
Ru

Shops:
D:8 * D:9

=*%?
######..##.#######.........#.#.#.
***#.............#.#.....#.#.#.#.
.............#.............#.#.#.
).####.#....##.#.#...##....#.#...
.,+,............†.........,#.#.#.
,,*###.#.##.##.#.#.........#.#...
,,,,.......................#.#.#.
****##.#.##.##.#t#.........#.#.#.
***.#....##.#@#..#......#.#.#.
***,,,..#####.#B#.........#.###.
**,,,,,,...*#..(.#.#####...#.# #.
*,,,,,,,.P..##B#.[)[.......#.# #.
,,,,,,,,.t...#.#...........#.# #.
,,,,,,>.(.....##.#.#####..##.###.
,,,,,,,..BP......................
*,,,,,,...Y.###..............####
**,,,,,,.,,*#......######.####


You could see 2 goliath beetles and a crocodile.


Message History

You completely miss the goliath beetle. Your bite misses the goliath beetle.
The goliath beetle is lightly wounded.
The crocodile bites you.
The goliath beetle waves its antennae.
The goliath beetle bites you.
You take 5 damage.
You hit the goliath beetle but do no damage.
The goliath beetle looks even sicker.
The goliath beetle is lightly wounded.
The crocodile bites you.
You take 3 damage.
You hit the goliath beetle but do no damage.
The goliath beetle looks even sicker.
You bite the goliath beetle, but do no damage.
The goliath beetle is moderately wounded.
The crocodile bites you but does no damage.
The goliath beetle bites you!!
* * * LOW HITPOINT WARNING * * *
You block the crocodile's attack.
You take 16 damage.
Use which ability? (? or * to list)
Okay, then.
Read which item? (? for menu, Esc to quit)
Okay, then.
Drink which item? (? for menu, Esc to quit)
You feel very mighty all of a sudden. The crocodile bites you.
* * * LOW HITPOINT WARNING * * *
The goliath beetle bites you!!
You die...

Notes
Turn   | Place    | Note
--------------------------------------------------------------
     0 | D:1      | kroki, the Vine Stalker Berserker, began the quest for the Orb.
     0 | D:1      | Reached XP level 1. HP: 11/11 MP: 1/1
   497 | D:1      | Reached XP level 2. HP: 16/16 MP: 3/3
   682 | D:1      | Reached skill level 1 in Throwing
   804 | D:2      | Found a snail-covered altar of Cheibriados.
   870 | D:2      | Reached XP level 3. HP: 19/19 MP: 4/4
   945 | D:2      | Found a shattered altar of Ashenzari.
   994 | D:2      | Acquired Trog's second power
  1330 | D:2      | Reached XP level 4. HP: 23/23 MP: 5/5
  1546 | D:3      | Noticed Ijyb
  1560 | D:3      | Killed Ijyb
  1560 | D:3      | Reached skill level 3 in Throwing
  1654 | D:3      | Noticed Ybris' ghost (average HESk)
  1655 | D:3      | Reached XP level 5. HP: 18/28 MP: 2/7
  1662 | D:3      | Killed Ybris' ghost
  1662 | D:3      | Reached skill level 4 in Throwing
  1805 | D:3      | Noticed Grinder
  1825 | D:3      | Paralysed by Grinder for 3 turns
  1862 | D:3      | Killed Grinder
  1862 | D:3      | Reached skill level 5 in Throwing
  1862 | D:3      | Gained mutation: You heal very quickly. [vine stalker growth]
  1862 | D:3      | Reached XP level 6. HP: 32/32 MP: 5/8
  2056 | D:4      | Reached skill level 6 in Throwing
  2056 | D:4      | Reached XP level 7. HP: 35/35 MP: 6/9
  2524 | D:4      | Noticed Duvessa
  2525 | D:4      | Noticed Dowan
  2533 | D:4      | Killed Dowan
  2543 | D:4      | Killed Duvessa
  2604 | D:4      | Reached skill level 7 in Throwing
  2803 | D:5      | Entered Level 5 of the Dungeon
  3993 | D:6      | Reached skill level 1 in Shields
  4018 | D:5      | Gained mutation: You have razor-sharp teeth. [vine stalker growth]
  4018 | D:5      | Reached XP level 8. HP: 32/39 MP: 11/11
  4307 | D:6      | Reached skill level 3 in Shields
  4314 | D:6      | Acquired Trog's third power
  4598 | D:6      | Reached skill level 8 in Throwing
  4996 | D:7      | Found a white marble altar of Elyvilon.
  5027 | D:7      | Received a gift from Trog
  5043 | D:7      | Found a shadowy altar of Dithmenos.
  5065 | D:7      | Noticed Eustachio
  5078 | D:7      | Killed Eustachio
  5078 | D:7      | Reached skill level 5 in Shields
  5125 | D:7      | Found a blossoming altar of Fedhas.
  5132 | D:7      | Reached skill level 3 in Fighting
  5132 | D:7      | Reached XP level 9. HP: 42/44 MP: 12/12
  5185 | D:7      | Found a staircase to the Ecumenical Temple.
  5584 | D:7      | Reached skill level 3 in Armour
  5797 | D:8      | Received a gift from Trog
  5840 | D:8      | Found an opulent altar of Gozag.
  6027 | D:8      | Reached skill level 5 in Fighting
  6300 | D:8      | Found a sacrificial altar of Ru.
  6302 | D:8      | Found Tryenne's General Store.
  6555 | D:9      | Reached skill level 6 in Fighting
  6565 | D:9      | Reached skill level 5 in Armour
  6649 | D:9      | Reached XP level 10. HP: 41/53 MP: 13/13
  6734 | D:9      | Found Yhaugg's Jewellery Shop.
  6737 | D:9      | Bought an uncursed ring of protection from magic for 325 gold pieces
  6811 | D:9      | Found Vurphuxzo's Food Emporium.
  6822 | D:9      | Found a sparkling altar of Nemelex Xobeh.
  7000 | D:9      | Reached skill level 6 in Armour
  7089 | D:9      | Found Unoimol's General Store.
  7101 | D:9      | Received a gift from Trog
  7455 | D:9      | Found Wocuunim's Magic Scroll Shop.
  7461 | D:9      | Bought a scroll of magic mapping for 42 gold pieces
  7461 | D:9      | Bought a scroll of teleportation for 36 gold pieces
  7619 | D:10     | Entered Level 10 of the Dungeon
  8004 | D:10     | Received a gift from Trog
  8091 | D:10     | Noticed an elephant
  8117 | D:10     | Killed an elephant
  8117 | D:10     | Reached skill level 8 in Fighting
  8127 | D:10     | Mangled by a goliath beetle

Vanquished Creatures
  An elephant (D:10)
  A troll (D:9)
  Grinder (D:3)
  6 yaks
  Eustachio (D:7)
  A wraith (D:10)
  A hippogriff (D:7)
  5 orc warriors
  An ice beast (D:8)
  A black bear (D:7)
  3 phantoms
  2 centaurs
  The ghost of Ybris the Slasher, an average HESk (D:3)
  2 ogres (D:7)
  Duvessa (D:4)
  5 giant frogs
  2 crocodiles
  3 scorpions
  12 killer bees
  A jelly (D:9)
  2 crimson imps
  A quasit (D:5)
  2 goliath beetles
  Dowan (D:4)
  4 orc wizards
  4 orc priests
  5 hounds
  3 giant frog skeletons
  2 iguanas
  5 worker ants
  Ijyb (D:3)
  A mummy (D:9)
  7 adders
  A river rat (D:7)
  A giant mite (D:7)
  2 worms
  An adder zombie (D:8)
  5 giant geckos
  26 orcs
  11 bats
  A bat skeleton (D:6)
  3 giant cockroaches (D:3)
  10 hobgoblins
  10 jackals
  12 kobolds
  4 oozes
  7 quokkas
  A giant gecko zombie (D:6)
  6 giant newts
  14 goblins
  A jackal zombie (D:4)
  10 rats
215 creatures vanquished.

Vanquished Creatures (others)
  An orc (D:9)
  A hobgoblin (D:7)
  A quokka (D:7)
3 creatures vanquished.

Grand Total: 218 creatures vanquished

Action                   |  1- 3 |  4- 6 |  7- 9 | 10-12 || total
-------------------------+-------+-------+-------+-------++-------
Melee: Short sword       |    97 |       |       |       ||    97
       Dagger            |     3 |    89 |   372 |   202 ||   666
Throw: Tomahawk          |       |       |    89 |    40 ||   129
Invok: Berserk           |     5 |     4 |    12 |     3 ||    24
       Trog's Hand       |       |     3 |     3 |     1 ||     7
  Use: Scroll            |     3 |     8 |    11 |     4 ||    26
       Potion            |       |       |       |     1 ||     1
  Eat: Chunk             |     5 |     3 |    10 |     7 ||    25
       Bread ration      |       |     1 |       |       ||     1
       Meat ration       |       |       |     2 |       ||     2
       Fruit             |       |       |     5 |       ||     5
       Royal jelly       |       |       |     2 |       ||     2

Vault maps used:
D:1:      dpeg_arrival_tiny_a, kennysheep_doodads
D:2:      nicolae_overflow_crystal_walls, cheibriados_altar_1
D:3:      uniq_iyjb, uniq_grinder
D:4:      enter_ossuary_3, uniq_duvessa
D:5:      first_bread
D:6:      kennysheep_six_static_rooms
D:7:      old_standard_altar, nicolae_overflow_hidden_temple, elyvilon_altar_4,
          minmay_temple_entry_trees, uniq_eustachio
D:8:      kennysheep_little_box, serial_shops, shop, basic_altar,
          patterned_corridor
D:9:      nemelex_deck, serial_shops, nicolae_shop_trees, nicolae_shop_trees,
          shop, shop, serial_co_window_serial, co_window_paths_a,
          co_window_corner_a, co_window_paths_a, co_window_paths_a,
          co_window_corner_a, co_window_broadway_b, co_window_unsneaky_path_c,
          co_window_2corner, co_window_paths_d, glass_columns_a,
          glass_columns_a, glass_columns_a, glass_columns_a
D:10:     david_lair_generic
